 Dungeon Crawl Stone Soup version 0.29.1-12-g30fa7ad0bf (webtiles) character file.

Game seed: 14193893765268505611

45 KittyFluff the Trooper (level 3, 0/24 HPs)
             Began as a Gargoyle Berserker on Dec 27, 2022.
             Was a Believer of Trog.
             Slain by a gnoll
             ... wielding a +0 flail
              (8 damage)
             ... on level 2 of the Dungeon.
             The game lasted 00:06:02 (1901 turns).

KittyFluff the Trooper (Gargoyle Berserker)         Turns: 1901, Time: 00:06:02

Health: 0/24       AC:  6    Str: 22    XL:     3   Next: 64%
Magic:  3/3        EV: 11    Int:  7    God:    Trog [**....]
Gold:   80         SH:  0    Dex:  9    Spells: 2/2 levels left

rFire   . . .      SeeInvis .   a - +0 mace
rCold   . . .      Faith    .   (no shield)
rNeg    + . .      Spirit   .   f - +0 leather armour
rPois   ∞          Reflect  .   (no helmet)
rElec   +          Harm     .   (no cloak)
rCorr   .          Rampage  .   (no gloves)
Will    .....                   (no boots)
Stlth   +.........              (no amulet)
HPRegen 0.08/turn               (no ring)
MPRegen 0.08/turn               (no ring)

@: no status effects
A: sickness immunity, AC +3, negative energy resistance 1, electricity
resistance, torment resistance 1, petrification resistance
a: Renounce Religion, Berserk, Trog's Hand


You were on level 2 of the Dungeon.
You worshipped Trog.
Trog was pleased with you.
You visited 1 branch of the dungeon, and saw 2 of its levels.

You collected 80 gold pieces.

Inventory:

Hand Weapons
 a - a +0 mace (weapon)
Missiles
 c - 26 stones (quivered)
Armour
 b - a +0 animal skin
 f - a +0 leather armour (worn)
Scrolls
 d - a scroll of poison {unknown}
 e - a scroll of fog {unknown}


   Skills:
 + Level 3.9 Fighting
 + Level 3.5 Maces & Flails
 * Level 2.8 Armour
 + Level 1.7 Dodging


You had 2 spell levels left.
You didn't know any spells.
Your spell library was empty.

Dungeon Overview and Level Annotations

Branches:
Dungeon (2/15)

Altars:


Innate Abilities, Weirdness & Mutations

You are immune to sickness and miasma.
Your stone body is resilient. (AC +3)
You are immune to poison.
You resist negative energy. (rN+)
You are resistant to electric shocks. (rElec)
You are resistant to unholy torment.
You are immune to petrification.


Message History

The frilled lizard bites you but does no damage.
You closely miss the frilled lizard.
The frilled lizard is heavily wounded.
The frilled lizard bites you but does no damage.
You closely miss the frilled lizard.
The frilled lizard is heavily wounded.
The frilled lizard closely misses you. The frilled lizard bites you.
You sock the frilled lizard!
You kill the frilled lizard!
Trog accepts your kill.
A frilled lizard comes into view.
Found a club.
The frilled lizard hisses angrily.
The frilled lizard bites you.
A gnoll comes into view. It is wielding a +0 flail.
The gnoll shouts!
You hit the frilled lizard.
You kill the frilled lizard!
Trog accepts your kill.
You hear a shout! x2
You closely miss the gnoll. The gnoll hits you with a +0 flail.
You hit the gnoll.
The gnoll is heavily wounded.
The gnoll barely misses you.
You barely miss the gnoll.
The gnoll is heavily wounded.
The gnoll hits you with a +0 flail. x2
You barely miss the gnoll. Your punch misses the gnoll.
The gnoll is heavily wounded.
The gnoll hits you with a +0 flail.
You barely miss the gnoll.
The gnoll is heavily wounded.
The gnoll barely misses you.
You closely miss the gnoll.
The gnoll is heavily wounded.
The gnoll completely misses you.
You barely miss the gnoll.
The gnoll is heavily wounded.
The gnoll hits you with a +0 flail!
You die...

.# #.# .# ##########.# .#
########..........##### .#
............[.........# .#
....).................#
##............###........#
..............# ####)#####
##............######.#
.<.............g@...>#
..............######.#
..#.#.#####..## .# #.# #
##.. .. # .... ##....
#..... #....


You could see a gnoll.

Vanquished Creatures
  A gnoll (D:1)
  A worm (D:2)
  A ball python (D:1)
  4 bats
  2 giant cockroaches (D:1)
  A goblin (D:1)
  5 hobgoblins
  2 jackals (D:1)
  2 quokkas (D:2)
  3 frilled lizards
  6 kobolds
  2 rats
30 creatures vanquished.

Notes
Turn   | Place    | Note
-------+----------+-------------------------------------------
     0 | D:1      | KittyFluff the Gargoyle Berserker began the quest for the
                  | Orb.
     0 | D:1      | Reached XP level 1. HP: 14/14 MP: 1/1
   247 | D:1      | Reached XP level 2. HP: 17/19 MP: 2/2
   287 | D:1      | Found a faded altar of an unknown god.
   851 | D:1      | Reached ** piety under Trog
   922 | D:1      | Reached XP level 3. HP: 20/24 MP: 3/3
   926 | D:1      | HP: 1/24 [gnoll/+0 spear (7)]
  1901 | D:2      | Slain by a gnoll

Illustrated notes

Levels and vault maps discovered:
D:1:      dpeg_arrival_tiny_j, layout_basic,
          dreamdust_ecumenical_altar_angels_and_demons
D:2:      layout_basic, uniq_terence

Action                   || total
-------------------------++-------
Melee: Mace              ||   112
       Punch             ||     1
Invok: Berserk           ||     1
Armor: Animal skin       ||    50
       Leather armour    ||     2
Dodge: Dodged            ||    93
